 Dungeon Crawl Stone Soup version 0.23-a0-642-g3120c2f (webtiles) character file.

9 Azzok the Digger (level 2, 19/19 HPs)
             Began as a Demonspawn Earth Elementalist on Dec 30, 2018.
             Quit the game on level 1 of the Dungeon.
             The game lasted 00:00:32 (710 turns).

Azzok the Digger (Demonspawn Earth Elementalist)     Turns: 710, Time: 00:00:33

Health: 19/19      AC:  2    Str:  8    XL:     2   Next: 3%
Magic:  5/5        EV: 12    Int: 16    God:
Gold:   16         SH:  0    Dex: 13    Spells: 4/5 levels left

rFire    . . .     SeeInvis .   (no weapon)
rCold    . . .     Gourm    .   (no shield)
rNeg     . . .     Faith    .   c - +0 robe
rPois    .         Spirit   .   (no helmet)
rElec    .         Reflect  .   (no cloak)
rCorr    .         Harm     .   (no gloves)
MR       .....                  (no boots)
Stlth    ++........             (no amulet)
HPRegen  0.06/turn              (no ring)
MPRegen  0.09/turn              (no ring)

@: no status effects
A: talons 1
a: no special abilities


You were on level 1 of the Dungeon.
You were not hungry.

You visited 1 branch of the dungeon, and saw 1 of its levels.

You collected 16 gold pieces.

Inventory:

Missiles
 b - 52 stones (quivered)
Armour
 c - a +0 robe (worn)
Scrolls
 f - a scroll of fear {unknown}
 g - a scroll of blinking {unknown}
 h - a scroll of identify {unknown}
Potions
 a - 2 potions of magic {unknown}
 e - a potion of lignification {unknown}
 i - a potion of curing {unknown}
 j - a potion of brilliance {unknown}
Comestibles
 d - a ration


   Skills:
 - Level 1.7 Dodging
 - Level 1.7 Stealth
 + Level 2.3 Spellcasting
   Level 0.8 Transmutations
 + Level 3.0 Earth Magic


You had 4 spell levels left.
You knew the following spells:

 Your Spells              Type           Power        Failure   Level  Hunger
a - Sandblast             Erth           ##....       6%          1    #......

Your spell library contained the following spells:

 Spells                   Type           Power        Failure   Level  Hunger
 Passwall                 Tmut/Erth      #.......     14%         2    ###....
 Stone Arrow              Conj/Erth      #.....       32%         3    ###....
 Petrify                  Tmut/Erth      #.......     65%         4    #####..
 Lee's Rapid Deconstruct  Erth           ##........   85%         5    ######.


Dungeon Overview and Level Annotations

Branches:
Dungeon (1/15)

Altars:


Innate Abilities, Weirdness & Mutations

You have sharp toenails.


Message History

b - 53 stones The hobgoblin barely misses you.
Casting: Sandblast (safe; 6% risk of failure)
Confirm with . or Enter, or press ? or * to list all spells.
Aiming: Sandblast (safe; 6% risk of failure)
Press: ? - help, Shift-Dir - straight line, f/p - hobgoblin
Aim: a hobgoblin (severely wounded)
The blast of sand hits the hobgoblin.
You kill the hobgoblin!
You have reached level 2!
You feel monstrous as your demonic heritage exerts itself.
Your demonic ancestry asserts itself...
Your toenails lengthen and sharpen.
b - 52 stones You open the door.
There is an open door here.
Found a short sword.
All of the chunks of flesh in your inventory have rotted away.
Found a short sword.
Are you sure you want to abandon this character and quit the game? (Confirm

▒·▒···········▒
▒·▒·▒▒·▒▒▒·▒▒▒▒
▒▒▒▒▒·▒··▒·▒ ▒·▒
▒▒▒▒▒▒·····▒··▒·▒
▒·▒▒▒▒▒▒▒▒▒▒▒▒▒
····▒▒·▒▒▒▒▒····▒
▒·▒············
····'····▒▒▒·▒··▒
▒·▒·▒▒▒▒▒▒▒▒▒▒▒
····▒▒·······▒··▒ ▒···▒ ▒·
····▒▒·······▒··▒▒▒▒▒▒▒▒
▒·
····▒▒·······▒▒>@······)
╬·
·(··▒▒·▒'▒▒▒·▒▒▒▒▒▒▒▒▒▒▒▒▒
▒· ····▒▒·▒·····▒ ▒·····▒
▒·
····▒▒·▒▒▒▒▒▒▒▒▒▒▒▒▒·▒▒▒·▒
▒· ····▒▒·▒
▒········▒·▒▒▒▒▒▒▒·
▒▒▒▒▒▒·▒
▒·▒▒▒▒·▒·▒·······▒· ▒·▒
▒·▒ ▒·▒·▒▒▒▒▒▒▒·▒· ▒·▒ ▒·▒
▒·▒·▒ ▒·▒▒ ▒·▒ ▒·▒ ▒···▒
▒·▒


There were no monsters in sight!

Vanquished Creatures
  2 goblins (D:1)
  3 hobgoblins (D:1)
  2 kobolds (D:1)
  A bat (D:1)
8 creatures vanquished.

Notes
Turn   | Place    | Note
-------+----------+-------------------------------------------
     0 | D:1      | Azzok the Demonspawn Earth Elementalist began the quest for
                  | the Orb.
     0 | D:1      | Reached XP level 1. HP: 13/13 MP: 3/3
   495 | D:1      | Reached skill level 3 in Earth Magic
   564 | D:1      | Gained mutation: You have sharp toenails. [demonic
                  | ancestry]
   564 | D:1      | Reached XP level 2. HP: 19/19 MP: 1/5
   710 | D:1      | Quit the game

Vault maps used:
D:1:      dpeg_arrival_pits

Skill      XL: |  1 |
---------------+----+-----
Earth Magic    | 3 |  3.0
Dodging        | |  1.7
Stealth        | |  1.7
Spellcasting   | |  2.3
Transmutations | |  0.8

Action                   || total
-------------------------++-------
 Cast: Sandblast         ||    12
Dodge: Dodged            ||     2

Table legend:
 A = Non-vault XP
 B = Vault XP
 C = Vault XP percentage of total XP
 D = Non-vault monster count
 E = Vault monster count
 F = Vault count percentage of total count
                 A         B        C        D         E       F
            +---------+---------+-------+---------+---------+-------
      Total |      13 |       0 |   0.0 |       8 |       0 |   0.0
            +---------+---------+-------+---------+---------+-------
        D:1 |      13 |       0 |   0.0 |       8 |       0 |   0.0
            +---------+---------+-------+---------+---------+-------
